 Dungeon Crawl Stone Soup version 0.30-a0-297-g0ec75d9ef4 (webtiles) character file.

Game seed: 6767738041360191049

8496 gruber the Fighter (level 11, -5/121 HPs)
             Began as an Octopode Conjurer on Oct 18, 2022.
             Was an Initiate of Gozag.
             Slain by an unseen horror (7 damage)
             ... on level 11 of the Dungeon.
             The game lasted 00:18:29 (10808 turns).

gruber the Fighter (Octopode Conjurer)             Turns: 10808, Time: 00:18:30

Health: -5/121     AC: -15   Str:  7    XL:     11   Next: 31%
Magic:  4/14       EV: 15    Int: 28    God:    Gozag
Gold:   851        SH:  0    Dex: 14    Spells: 7/14 levels left

rFire   + . .      SeeInvis .    p - +8 flail of Conscience {vorpal, *Noise Int+3}
rCold   . . .      Faith    .    (no shield)
rNeg    . . .      Spirit   .    (helmet restricted)
rPois   .          Reflect  .    g - amulet of regeneration
rElec   .          Harm     .    u - +6 ring of dexterity
rCorr   .          Rampage  .    y - ring of wizardry
Will    .....      Rage     3%   (no ring)
Stlth   ..........               (no ring)
HPRegen 1.20/turn                (no ring)
MPRegen 0.14/turn                (no ring)
                                 (no ring)
                                 (no ring)

@: berserking, corroded, gold aura, studying Throwing, very quick
A: almost no armour, amphibious, 8 rings, camouflage 1, gelatinous body 1,
(nimble swimmer 1), tentacles, berserk 1, clumsy 1, fire resistance 1, wild
magic 1
a: Renounce Religion, Potion Petition, Call Merchant, Bribe Branch


You were on level 11 of the Dungeon.
You worshipped Gozag.
Gozag was pleased with you.
You visited 2 branches of the dungeon, and saw 12 of its levels.

You collected 1306 gold pieces.
You paid 455 gold pieces to Gozag.

Inventory:

Hand Weapons
 c - a +4 whip
 p - the +8 flail of Conscience (weapon) {vorpal, *Noise Int+3}
   (You found it on level 3 of the Dungeon)

   It inflicts extra damage upon your enemies.
   Int:       It affects your intelligence (+3).
   *Noise:    It may make noises in combat.
Missiles
 b - a throwing net
Jewellery
 g - an amulet of regeneration (around mantle)
 u - a +6 ring of dexterity (left tentacle)
 y - a ring of wizardry (right tentacle)
Wands
 j - a wand of flame (32)
 m - a wand of light (8)
 E - a wand of paralysis (7)
Scrolls
 a - a scroll of immolation {unknown}
 d - a scroll of enchant armour {unknown}
 e - 6 scrolls of identify {unknown}
 h - 3 scrolls of magic mapping {unknown}
 l - 5 scrolls of teleportation {unknown}
 n - a scroll of summoning {unknown}
 q - 3 scrolls of blinking {unknown}
 r - 2 scrolls of torment {unknown}
 t - a scroll of noise {unknown}
 v - 3 scrolls of amnesia {unknown}
 w - 4 scrolls of vulnerability {unknown}
 A - 3 scrolls of butterflies {unknown}
 B - 2 scrolls of enchant weapon {unknown}
Potions
 f - 3 potions of brilliance {unknown}
 i - 2 potions of invisibility {unknown}
 k - 2 potions of attraction {unknown}
 o - 4 potions of curing {unknown}
 s - a potion of haste
 x - a potion of cancellation
 z - 2 potions of resistance {unknown}
 C - a potion of heal wounds
 D - 2 potions of flight


   Skills:
 * Level 10.2 Fighting
 - Level 7.1 Maces & Flails
 - Level 6.0 Dodging
 - Level 8.0 Stealth
 - Level 2.0 Spellcasting
 - Level 10.0 Conjurations


You had 7 spell levels left.
You knew the following spells:

 Your Spells              Type           Power      Damage    Failure   Level
a - Magic Dart            Conj           100%       1d8       1%          1
b - Searing Ray           Conj           100%       2d8       1%          2
c - Iskenderun's Mystic   Conj/Tloc      40%        2d9       7%          4

Your spell library contained the following spells:

 Spells                   Type           Power      Damage    Failure   Level
 Dazzling Flash           Conj/Hex       80%        N/A       2%          3
 Fulminant Prism          Conj/Hex       20%        3d13      7%          4
 Summon Guardian Golem    Hex/Summ       3%         N/A       14%         3
 Orb of Destruction       Conj           33%        9d10      50%         7
 Iron Shot                Conj/Erth      20%        9d5       61%         6
 Blade Hands              Tmut           1%         N/A       71%         5
 Spellforged Servitor     Conj/Summ      20%        N/A       98%         7
 Borgnjor's Revivificati  Necr           1%         N/A       100%        8
 Necromutation            Tmut/Necr      1%         N/A       100%        8
 Death's Door             Necr           1%         N/A       100%        9
 Animate Armour           Summ/Erth      Unusable   N/A       N/A         4

Dungeon Overview and Level Annotations

Branches:
Dungeon (11/15)            Temple (1/1) D:7             Orc (0/2) D:9
   Lair: D:8-11

Altars:
Ashenzari
Cheibriados
Dithmenos
Elyvilon
Fedhas
Gozag
Hepliaklqana
Kikubaaqudgha
Makhleb
Nemelex Xobeh
Okawaru
Qazlal
Ru
Sif Muna
Trog
Uskayaw
Vehumet
Wu Jian
Xom
Yredelemnul
Zin
The Shining One

Shops:
D:5 (

Annotations:
D:7 Joseph


Innate Abilities, Weirdness & Mutations

You cannot wear most types of armour.
You are amphibious.
You can wear up to eight rings at the same time.
Your skin changes colour to match your surroundings (Stealth+).
Your rubbery body absorbs attacks. (AC +1, EV +1)
((You are camouflaged when in or above water. (Stealth+)))
You have tentacles for arms and can constrict up to eight enemies at once.
You sometimes lose your temper in combat.
You are clumsy. (Dex -2)
Your flesh is heat resistant. (rF+)
Your spells are a little harder to cast, but a little more powerful.


Message History

A kobold brigand comes into view.
It is wielding a +0 short sword and quivering curare-tipped darts.
Unknown command.
You sock the kobold brigand!
The kobold brigand is heavily wounded.
You constrict the kobold brigand, but do no damage.
The kobold brigand is distracted by your dazzling golden aura.
The kobold brigand barely misses you. Something hits you.
* * * LOW HITPOINT WARNING * * *
The kobold hits you with a +0 short sword.
* * * LOW HITPOINT WARNING * * *
The kobold brigand shouts!
Unknown command.
Unknown command.
You are too injured to fight recklessly!
You completely miss the kobold brigand. You squeeze the kobold brigand.
The kobold brigand is heavily wounded.
You constrict the kobold brigand, but do no damage.
Something hits you.
* * * LOW HITPOINT WARNING * * *
Unknown command.
Unknown command.
You sock the kobold brigand!
The kobold brigand is almost dead.
You constrict the kobold brigand.
You kill the kobold brigand!
Something hits you.
* * * LOW HITPOINT WARNING * * *
The kobold brigand throws a curare-tipped dart.
The curare-tipped dart closely misses you.
The kobold hits you with a +0 short sword.
* * * LOW HITPOINT WARNING * * *
Unknown command.
You sock the kobold brigand!
The kobold brigand is no longer distracted by gold.
You grab the kobold brigand.
The kobold brigand is moderately wounded.
You constrict the kobold brigand, but do no damage.
Something hits you!
You die...
Your body crumbles into a pile of gold.

.######### ........ #
..(<.# .# #.
#...########.#
#..#########.............
.........................
..........................
#.?.....K@#######>........
#.......K$# #.........
#.......K## #.........
#........# #.........
.......... ####.........
.........#. #............
####.....#K #............
#.....# K ######.......
#####.......


You could see 2 kobold brigands and a kobold.

Vanquished Creatures
  Pikel (D:7)
  Maurice (D:10)
  An unseen horror (D:10)
  A komodo dragon (D:10)
  2 kobold demonologists
  A troll (D:11)
  A meliai (shapeshifter) (D:8)
  Grinder (D:5)
  A culicivora (shapeshifter) (D:8)
  2 wraiths
  4 yaks (D:10)
  A wyvern (D:9)
  Grum (D:9)
  A steam dragon (D:8)
  Menkaure (D:7)
  2 water moccasins
  Duvessa (D:6)
  6 orc warriors
  2 ice beasts (D:7)
  2 ogres
  2 wolves (D:9)
  3 lemures (D:7)
  2 centaurs
  8 kobold brigands
  3 bullfrogs
  2 scorpions
  13 wights
  Dowan (D:6)
  2 howler monkeys
  A jelly (D:5)
  2 gnoll boudas
  6 orc priests
  2 hounds
  5 iguanas
  16 orc wizards
  14 gnolls
  12 adders
  A shadow imp (D:7)
  2 ufetubi (D:5)
  A worm (D:3)
  4 dart slugs
  52 orcs
  3 bats
  7 endoplasms
  2 giant cockroaches (D:1)
  13 hobgoblins
  4 jackals (D:2)
  19 kobolds
  3 quokkas (D:2)
  6 ball pythons
  3 frilled lizards
  10 goblins
  11 rats
268 creatures vanquished.

Vanquished Creatures (others)
  5 plants (D:9)
5 creatures vanquished.

Grand Total: 273 creatures vanquished

Notes
Turn   | Place    | Note
-------+----------+-------------------------------------------
     0 | D:1      | gruber the Octopode Conjurer began the quest for the Orb.
     0 | D:1      | Reached XP level 1. HP: 11/11 MP: 3/3
   178 | D:1      | Found a faded altar of an unknown god.
   181 | D:1      | Reached skill level 1 in Maces & Flails
   209 | D:1      | Reached XP level 2. HP: 17/17 MP: 1/5
   778 | D:1      | Reached XP level 3. HP: 21/21 MP: 4/6
  1238 | D:2      | Learned a level 2 spell: Searing Ray
  1410 | D:2      | Reached skill level 5 in Conjurations
  1410 | D:2      | Reached XP level 4. HP: 27/27 MP: 7/7
  1974 | D:2      | Found an iron altar of Okawaru.
  2764 | D:3      | Reached XP level 5. HP: 27/31 MP: 2/8
  2842 | D:3      | Identified the +8 flail of Conscience {vorpal, *Noise
                  | Int+3}
  2963 | D:3      | Learned a level 4 spell: Iskenderun's Mystic Blast
  3289 | D:4      | Noticed an ogre
  3300 | D:4      | Killed an ogre
  3301 | D:4      | Reached XP level 6. HP: 36/36 MP: 5/9
  3892 | D:5      | Entered Level 5 of the Dungeon
  4040 | D:5      | Reached skill level 5 in Maces & Flails
  4062 | D:5      | Noticed Grinder
  4070 | D:5      | Paralysed by Grinder for 2 turns
  4074 | D:5      | Gained mutation: Your flesh is heat resistant. (rF+)
                  | [potion of mutation]
  4074 | D:5      | Gained mutation: Your spells are a little harder to cast,
                  | but a little more powerful. [potion of mutation]
  4074 | D:5      | Gained mutation: You sometimes lose your temper in combat.
                  | [potion of mutation]
  4076 | D:5      | Paralysed by Grinder for 2 turns
  4080 | D:5      | Killed Grinder
  4081 | D:5      | Reached XP level 7. HP: 25/41 MP: 10/10
  4366 | D:5      | Found a glowing silver altar of Zin.
  4576 | D:5      | Reached skill level 1 in Fighting
  4658 | D:5      | Found Umefuexi's Weapon Emporium.
  4662 | D:5      | Reached XP level 8. HP: 48/48 MP: 11/11
  4720 | D:5      | Found an ornate altar of the Wu Jian Council.
  4720 | D:5      | Found a sparkling altar of Nemelex Xobeh.
  5049 | D:6      | Noticed Duvessa
  5052 | D:6      | Noticed Dowan
  5059 | D:6      | Killed Dowan
  5061 | D:6      | Killed Duvessa
  5066 | D:6      | Reached skill level 5 in Fighting
  5358 | D:6      | Found a snail-covered altar of Cheibriados.
  5571 | D:6      | Reached skill level 5 in Dodging
  5628 | D:6      | Reached XP level 9. HP: 61/61 MP: 12/12
  6013 | D:7      | Noticed Menkaure
  6020 | D:7      | Killed Menkaure
  6059 | D:7      | Found a staircase to the Ecumenical Temple.
  6133 | Temple   | Entered the Ecumenical Temple
  6345 | D:7      | Reached skill level 5 in Stealth
  6385 | D:7      | Found an opulent altar of Gozag.
  6426 | D:7      | Became a worshipper of Gozag Ym Sagoz the Greedy
  6446 | D:7      | Noticed Pikel
  6460 | D:7      | Killed Pikel
  6682 | D:7      | Noticed Joseph
  7099 | D:8      | Found a bloodstained altar of Trog.
  7400 | D:8      | Reached XP level 10. HP: 66/66 MP: 4/13
  7965 | D:8      | Found a blossoming altar of Fedhas.
  8387 | D:9      | Found a staircase to the Orcish Mines.
  8481 | D:9      | Identified the +1 rapier "Tuv Cive" {flame, rF- Str+3}
  8492 | D:9      | Reached skill level 10 in Conjurations
  8610 | D:9      | Noticed a kobold demonologist
  9120 | D:9      | Noticed an orange demon
  9125 | D:9      | Noticed a sun demon
  9125 | D:9      | Killed a kobold demonologist
  9581 | D:9      | Noticed Grum
  9591 | D:9      | Killed Grum
  9717 | D:10     | Entered Level 10 of the Dungeon
  9733 | D:10     | Noticed Maurice
  9749 | D:10     | Killed Maurice
  9757 | D:10     | Reached XP level 11. HP: 54/78 MP: 3/14
 10794 | D:11     | Gained mutation: You are clumsy. (Dex -2) [a neqoxec]
 10798 | D:11     | HP: 4/81 [kobold brigand/+2 short sword of holy wrath (10)]
 10799 | D:11     | Reached skill level 10 in Fighting
 10807 | D:11     | HP: 3/121 [something (6)]
 10807 | D:11     | HP: 1/121 [kobold/+0 short sword (2)]
 10808 | D:11     | Slain by an unseen horror

Illustrated notes

Levels and vault maps discovered:
D:1:      dpeg_arrival_rooms_c, layout_basic, ebering_ecumenical_altar_box,
          chequers_serial_rivers_small_3
D:2:      layout_basic, basic_altar, minmay_small_reverse_x
D:3:      layout_basic, dreamdust_mushroom_princess, minmay_ruptured
D:4:      layout_gridville
D:5:      layout_basic, zin_academy, mainiacjoe_overflow_divided_tiny,
          serial_shops, nicolae_diamond_shop, uniq_grinder
D:6:      layout_basic, lemuel_tele_altar, uniq_duvessa
D:7:      layout_loops_ring, mainiacjoe_overflow_concentric_impassable,
          minmay_temple_entry_statues_fountains, uniq_menkaure, uniq_joseph,
          uniq_pikel
D:8:      layout_cave_pools, fedhas_ov_isle_minmay,
          mainiacjoe_overflow_boulevard, grunt_decor_mini_mirrors,
          minmay_manual_mullet
D:9:      corexii_shack_village, layout_long_grid, hiddenorc2_lemuel, uniq_grum
D:10:     layout_basic, uniq_maurice
D:11:     layout_long_grid, dpeg_oklobed_lair, special_room
          [special_room_kobold], okawaru_metal_pillars_1_2
Temple:   hellmonk_temple_of_storms

Skill      XL: |  1  2  3  4  5  6  7  8  9 10 11 |
---------------+----------------------------------+-----
Maces & Flails | 1 2 3 6 7 |  7.1
Conjurations   | 5 6 8 10 | 10.0
Fighting       | 1 5 8 10 | 10.2
Dodging        | 5 6 |  6.0
Stealth        | 8 |  8.0
Spellcasting   | |  2.0

Action                   |  1- 3 |  4- 6 |  7- 9 | 10-12 || total
-------------------------+-------+-------+-------+-------++-------
Melee: Whip              |    35 |    36 |       |       ||    71
       Tentacles         |     9 |     7 |    15 |    41 ||    72
       Constrict         |    10 |     7 |    10 |    26 ||    53
       Punch             |     1 |       |     2 |     5 ||     8
       Flail             |       |    11 |    81 |   173 ||   265
 Cast: Magic Dart        |    47 |    48 |    43 |    36 ||   174
       Searing Ray       |       |     7 |    21 |    17 ||    45
       Iskenderun's Myst |       |     1 |     1 |    18 ||    20
Invok: Potion Petition   |       |       |       |     1 ||     1
Evoke: Wand              |       |     1 |     1 |     4 ||     6
  Use: Potion            |       |     5 |       |     1 ||     6
 Stab: Sleeping          |     2 |     3 |     5 |     2 ||    12
       Distracted        |     1 |       |     1 |     1 ||     3
Armor: Skin              |     3 |     2 |     3 |     4 ||    12
Dodge: Dodged            |    25 |    27 |    56 |   149 ||   257

Table legend: (Time is in decaauts)
 A = Elapsed time spent in this place.
 B = Non-inter-level travel time spent in this place.
 C = Inter-level travel time spent in this place.
 D = Time resting spent in this place.
 E = Time spent auto-exploring this place.
 F = Levels seen in this place.
 G = Mean time per level.
                   A        B        C        D        E       F      G
               +--------+--------+--------+--------+--------+-----+--------+
         Total |  10856 |  10447 |    409 |    168 |   8614 |  12 |  904.7 |
       Dungeon |  10790 |  10386 |    404 |    168 |   8614 |  11 |  980.9 |
        Temple |     66 |     61 |      5 |      0 |      0 |   1 |   66.0 |
               +--------+--------+--------+--------+--------+-----+--------+

Top non-repeatable levels by time:
     D:9: 1638 daAuts
     D:2: 1234 daAuts
     D:1: 1150 daAuts
     D:7: 1136 daAuts
     D:6: 1014 daAuts
     D:5: 997 daAuts
     D:8: 931 daAuts
    D:10: 910 daAuts
     D:4: 827 daAuts
     D:3: 762 daAuts
    D:11: 185 daAuts
  Temple: 66 daAuts
